Map: Oxide LE

Players

Bioice

  • Race: Zerg Zerg
  • League: Grandmaster
  • Spawn Location: 7:00

Dolan - Winner!

  • Race: Terran Terran
  • League: Grandmaster
  • Spawn Location: 1:00

VOD

Have the link to the VOD?

Description

Time

  • Played on: Oct. 14, 2020, 5:19 p.m.
  • Length: 7:58
Show
View Real Time Build Order
Export as new Build Order

Bioice Zerg 

Build Orders: Hatch First 

Get SALT Encoding   

  12  0:01  Drone  
  13  0:14  Overlord  
  13  0:18  Drone  
  14  0:33  Drone x2  
  16  0:48  Hatchery  
  15  0:51  Drone  
  15  0:55  Drone  
  17  0:58  Drone  
  18  1:05  Extractor  
  17  1:14  Spawning Pool  
  17  1:17  Drone  
  17  1:20  Drone  
  18  1:30  Drone  
  19  1:42  Drone  
  20  1:58  Drone  
  21  2:01  Queen x2  
  21  2:03  Zergling x4  
  27  2:15  Hatchery  
  26  2:20  Overlord  
  26  2:26  Drone x2  
  28  2:31  Metabolic Boost  
  28  2:40  Queen  
  28  2:42  Drone  
  31  2:47  Overlord  
  31  2:52  Drone x2  
  31  2:53  Drone  
  31  2:57  Overlord  
  34  3:02  Overlord  
  34  3:09  Drone x2  
  36  3:16  Drone x3  
  39  3:20  Queen  
  39  3:24  Overlord  
  41  3:29  Queen  
  43  3:35  Queen  
  44  3:46  Overlord  
  44  3:47  Drone x3  
  44  3:48  Drone x2  
  48  3:55  Baneling Nest  
  48  3:56  Overlord  
  48  4:01  Queen  
  50  4:08  Queen  
  52  4:12  Queen  
  52  4:16  Zergling x4  
  57  4:17  Zergling x2  
  57  4:26  Zergling x10  
  57  4:29  Zergling x4  
  64  4:34  Overlord  
  64  4:38  Baneling x5  
  64  4:42  Overlord  
  54  5:10  Drone x3  
  54  5:14  Lair, Spore Crawler  
  56  5:15  Spore Crawler, Drone  
  56  5:16  Drone  
  57  5:26  Overlord x2  
  57  5:39  Hatchery  
  57  5:40  Zergling x6  
  58  5:46  Zergling x2  
  58  5:47  Zergling x6  
  58  5:48  Drone x10  
  71  5:53  Drone  
  71  5:56  Extractor  
  71  5:57  Drone x2  
  73  6:04  Drone  
  73  6:10  Baneling  
  73  6:11  Baneling, Hatchery, Drone  
  74  6:16  Overlord x2  
  74  6:18  Spore Crawler  
  74  6:21  Overlord  
  74  6:23  Drone  
  74  6:24  Overlord  
  74  6:26  Extractor  
  74  6:27  Extractor  
  71  6:39  Zergling x18  
  78  6:45  Zergling x8  
  68  6:59  Zergling x8  
  68  7:00  Zergling x10  
  66  7:09  Zergling x10  
  66  7:11  Queen  
  67  7:16  Zergling x2  
  67  7:17  Zergling x2  
  63  7:27  Zergling x6  
  63  7:29  Baneling  
  64  7:34  Zergling x6  
Show
View Real Time Build Order
Export as new Build Order

Dolan Terran - Winner!

Build Orders: Hellion Opening 

Get SALT Encoding   

  12  0:00  SCV  
  13  0:12  SCV  
  14  0:16  Supply Depot  
  14  0:24  SCV  
  14  0:27  Refinery  
  15  0:38  SCV  
  16  0:44  Barracks  
  16  0:50  SCV  
  17  1:02  SCV  
  18  1:14  SCV  
  19  1:30  Barracks Reactor, Orbital Command  
  19  1:42  Command Center  
  19  1:51  Supply Depot  
  19  1:56  SCV  
  20  2:06  Factory  
  20  2:12  Marine x2  
  20  2:13  SCV  
  23  2:19  Refinery  
  23  2:25  SCV  
  23  2:29  Marine  
  24  2:30  Marine  
  26  2:38  SCV  
  27  2:54  Marine, Starport  
  27  2:56  Hellion x2  
  32  2:58  SCV  
  32  3:04  Orbital Command  
  33  3:12  Marine  
  34  3:19  Hellion  
  38  3:20  Hellion  
  38  3:30  Marine  
  38  3:32  Medivac  
  41  3:35  Armory  
  41  3:46  Hellion x2  
  45  3:54  Supply Depot  
  45  4:08  Starport Tech Lab, Fusion Core  
  45  4:16  Hellion x2  
  49  4:18  Supply Depot, SCV x2  
  51  4:46  SCV x2  
  51  4:48  Hellion x2  
  57  4:58  SCV x2  
  40  5:09  Hellion x2  
  40  5:10  SCV x2  
  40  5:11  Battlecruiser  
  40  5:13  Weapon Refit  
  50  5:23  Supply Depot  
  50  5:28  SCV x2  
  50  5:30  Hellion  
  50  5:31  Hellion  
  56  5:44  SCV x2  
  58  5:52  Hellion x2  
  62  5:58  Supply Depot  
  62  6:06  SCV  
  63  6:12  SCV  
  63  6:13  Hellion x2  
  63  6:18  SCV  
  69  6:20  Battlecruiser  
  75  6:35  Hellion  
  77  6:51  Hellion  
  77  6:56  Hellion  
  63  7:13  Hellion  
  63  7:14  SCV  
  63  7:15  SCV  
  67  7:18  Hellion  
  75  7:34  Hellion  
Tags
 
Add a new tag
Caveats
  • Supply blocks, unpowered buildings, or Contaminate may cause inaccurate times.
  • Supply counts are checked every 10 seconds.